 Dungeon Crawl Stone Soup version 0.32-a0-128-g77eb882913 (webtiles) character file.

Game seed: 5339418100367704982

103 Ge0ff the Poker (level 4, -6/33 HPs)
             Began as a Mummy Reaver on Feb 8, 2024.
             Incinerated by a bombardier beetle (7 damage)
             ... with a burning spray
             ... on level 4 of the Dungeon.
             The game lasted 00:04:19 (2574 turns).

Ge0ff the Poker (Mummy Reaver)                      Turns: 2574, Time: 00:04:20

Health: -6/33      AC:  7    Str: 17    XL:     4   Next: 51%
Magic:  8/8        EV: 10    Int: 12    God:
Gold:   65         SH:  0    Dex: 16    Spells: 7/8 levels left

rFire   x . .        a - +0 spear
rCold   + . .        (no shield)
rNeg    + + +        S - +0 scale mail
rPois   ∞            (no helmet)
rElec   .            (no cloak)
rCorr   .            (no gloves)
SInv    .            j - +0 pair of boots
Will    .....        (no amulet) Stlth
                     V - +6 ring of dexterity {=R}
HPRegen 0.25/turn    Y - ring of wizardry
MPRegen 0.11/turn

%: faith, wizardry (x1)
@: on fire, glowing
A: cold resistance 1, negative energy resistance 3, torment resistance 2, heat
vulnerability 1, in touch with death 1, no potions, faith
a: no special abilities


You were on level 4 of the Dungeon.
You visited 2 branches of the dungeon, and saw 5 of its levels.

You collected 285 gold pieces.
You spent 220 gold pieces at shops.

Inventory:

Hand Weapons
 a - a +0 spear (weapon)
 b - a +0 dagger of venom
 k - a +0 long sword
 X - a +0 rapier
Missiles
 d - 2 poisoned darts (quivered)
 f - 36 stones
 g - 2 boomerangs
Armour
 c - a +0 ring mail
 j - a +0 pair of boots (worn)
 S - a +0 scale mail (worn)
 U - a +0 leather armour
Jewellery
 V - a +6 ring of dexterity (left hand) {=R}
 Y - a ring of wizardry (right hand)
 Z - a ring of protection from cold
Scrolls
 h - a scroll of enchant weapon
 i - 4 scrolls of identify
 m - a scroll of revelation
 B - 2 scrolls of blinking
 R - a scroll of amnesia {unknown}
 T - 2 scrolls of teleportation
 W - a scroll of enchant armour


   Skills:
 - Level 2.0 Fighting
 + Level 4.4 Polearms
 - Level 1.5 Dodging
 - Level 2.6 Spellcasting
 - Level 2.4 Conjurations


You had 7 spell levels left.
You knew the following spells:

 Your Spells              Type           Power      Damage    Failure   Level
E - Kiss of Death         Conj/Necr      24%        2d7       22%         1

Your spell library contained the following spells:

 Spells                   Type           Power      Damage    Failure   Level
 Momentum Strike          Conj/Tloc      8%         3d8       32%         2
 Hailstorm                Conj/Ice       4%         3d5       52%         3


Dungeon Overview and Level Annotations

Branches:
Dungeon (4/15) Zot: 21454  Temple (1/1) D:4 Zot: 5987

Altars:
Ashenzari
Cheibriados
Dithmenos
Gozag
Kikubaaqudgha
Makhleb
Nemelex Xobeh
Qazlal
Trog
Uskayaw
Vehumet
Lugonu

Shops:
D:4 ?

Annotations:
D:4 1 transporter


Innate Abilities, Weirdness & Mutations

You are immune to poison.
Your flesh is cold resistant. (rC+)
You are immune to negative energy. (rN+++)
You are immune to unholy pain and torment.
You are vulnerable to heat. (rF-)
You are in touch with the powers of death.
You do not drink.
You have a special connection with the divine. (Faith)


Message History

A bombardier beetle comes into view.
There is an open door here.
You reach to attack!
You barely miss the bombardier beetle.
You reach to attack!
You hit the bombardier beetle.
The bombardier beetle is lightly wounded.
You hit the bombardier beetle but do no damage.
The bombardier beetle is lightly wounded.
You hit the bombardier beetle.
The bombardier beetle is moderately wounded.
The bombardier beetle bites you.
You hit the bombardier beetle.
The bombardier beetle is moderately wounded.
You hit the bombardier beetle but do no damage.
The bombardier beetle is moderately wounded.
The bombardier beetle barely misses you.
You hit the bombardier beetle.
The bombardier beetle is moderately wounded.
You hit the bombardier beetle.
The bombardier beetle is heavily wounded.
The bombardier beetle sprays incendiary fluid at you.
The burning spray hits you.
You are covered in liquid fire!
You shake off some of the fire as you move.
The liquid fire burns you!
The bombardier beetle sprays incendiary fluid at you.
The burning spray hits you.
You are even more covered in liquid fire!
You shake off some of the fire as you move.
The liquid fire burns you!
You shake off some of the fire as you move.
The liquid fire burns you!
The bombardier beetle attacks as it pursues you!
The bombardier beetle closely misses you.
You shake off some of the fire as you move.
The liquid fire burns you!
You shake off the liquid fire.
The bombardier beetle sprays incendiary fluid at you.
The burning spray hits you.
You are covered in liquid fire!
You shake off some of the fire as you move.
The liquid fire burns you!
The bombardier beetle sprays incendiary fluid at you.
The burning spray hits you.
You are even more covered in liquid fire!
You shake off some of the fire as you move.
The liquid fire burns you!
* * * LOW HITPOINT WARNING * * *
You shake off some of the fire as you move.
The liquid fire burns you!
You die...

....
#...##...##..#
©..
#..##.....##.# ..
...##.#.B.#.###
..>+##.ß.ß.ß.ß.##
.. #...........#
) +.....$.....+
#...........#
##.ß.ß.ß.ß.##
##.#^@.#.##
##.....## ##...##
##+##


You could see a bombardier beetle.

Vanquished Creatures
  A gnoll (D:1)
  4 adders
  3 dart slugs
  3 ball pythons
  6 endoplasms
  6 giant cockroaches
  6 goblins
  10 hobgoblins
  2 bats
  A frilled lizard (D:2)
  2 kobolds (D:3)
  3 rats (D:2)
47 creatures vanquished.

Notes
Turn   | Place    | Note
-------+----------+-------------------------------------------
     0 | D:1      | Ge0ff the Mummy Reaver began the quest for the Orb.
     0 | D:1      | Reached XP level 1. HP: 16/16 MP: 4/4
    89 | D:1      | Reached skill level 3 in Polearms
    89 | D:1      | Reached XP level 2. HP: 21/22 MP: 5/5
   462 | D:2      | Reached XP level 3. HP: 27/27 MP: 7/7
   980 | D:3      | Reached skill level 4 in Polearms
  1084 | D:3      | Found a burning altar of Makhleb.
  1177 | D:3      | Found a faded altar of an unknown god.
  1185 | D:3      | Found a shadowy altar of Dithmenos.
  1250 | D:3      | Reached XP level 4. HP: 33/33 MP: 8/8
  1510 | D:3      | Found a broken altar of Ashenzari.
  1643 | D:3      | Found a sparkling altar of Nemelex Xobeh.
  2162 | D:4      | Found Yrchoeq's Magic Scroll Shoppe.
  2215 | D:4      | Bought a scroll of revelation for 97 gold pieces
  2215 | D:4      | Bought a scroll of blinking for 97 gold pieces
  2215 | D:4      | Bought a scroll of identify for 26 gold pieces
  2284 | D:4      | Found a stormy altar of Qazlal.
  2304 | D:4      | Found a transporter.
  2306 | D:4      | Found an ancient bone altar of Kikubaaqudgha.
  2373 | D:4      | Found a staircase to the Ecumenical Temple.
  2382 | Temple   | Entered the Ecumenical Temple
  2573 | D:4      | HP: 1/33 [burnt (9)]
  2574 | D:4      | Incinerated by a bombardier beetle

Illustrated notes

Levels and vault maps discovered:
D:1:      elethiomel_arrival_quiet, layout_rooms
D:2:      layout_basic
D:3:      layout_loops_corners, lemuel_crystal_altar,
          mainiacjoe_overflow_alcove_2, lemuel_tele_altar,
          nicolae_overflow_ecumenical_swirl, minmay_cupped
D:4:      layout_basic, mainiacjoe_overflow_cross_hatched,
          lemuel_mausoleum_altar_yredelemnul, nicolae_qazlal_general_emergency,
          minmay_temple_entry_water_ring, gammafunk_ghost_arena, serial_shops,
          nicolae_shop_crystal, dk_noncrumbling_3
Temple:   corrupted_temple

Skill      XL: |  1  2  3 |
---------------+----------+-----
Polearms       | 3 4 |  4.4
Fighting       | |  2.0
Dodging        | |  1.5
Spellcasting   | |  2.6
Conjurations   | |  2.4

Action                     |  1- 3 |  4- 6 || total
---------------------------+-------+-------++-------
  Melee: Spear             |    92 |    72 ||   164
         Dagger            |    19 |       ||    19
         Punch             |       |     3 ||     3
  Throw: Dart              |     3 |       ||     3
    Use: Scroll            |     3 |     1 ||     4
 Armour: Ring mail         |    39 |    27 ||    66
         Scale mail        |       |     1 ||     1
  Dodge: Dodged            |    35 |    16 ||    51

Table legend: (Time is in decaauts)
 A = Elapsed time spent in this place.
 B = Non-inter-level travel time spent in this place.
 C = Inter-level travel time spent in this place.
 D = Time resting spent in this place.
 E = Time spent auto-exploring this place.
 F = Levels seen in this place.
 G = Mean time per level.
                   A        B        C        D        E       F      G
               +--------+--------+--------+--------+--------+-----+--------+
         Total |   2558 |   2492 |     66 |      0 |   1905 |   5 |  511.6 |
       Dungeon |   2545 |   2485 |     60 |      0 |   1905 |   4 |  636.2 |
        Temple |     12 |      6 |      6 |      0 |      0 |   1 |   12.0 |
               +--------+--------+--------+--------+--------+-----+--------+

Top non-repeatable levels by time:
     D:3: 1125 daAuts
     D:2: 562 daAuts
     D:4: 438 daAuts
     D:1: 419 daAuts
  Temple: 12 daAuts
